 Dungeon Crawl Stone Soup version 0.20.1-1-g8b1a95d (webtiles) character file.

273 acidapple the Conjurer (level 6, -1/32 HPs)
             Began as a Tengu Conjurer on Sept 7, 2017.
             Slain by a worker ant (8 damage)
             ... on level 4 of the Dungeon.
             The game lasted 00:04:59 (2894 turns).

acidapple the Conjurer (Tengu Conjurer)             Turns: 2894, Time: 00:05:00

Health: -1/32      AC:  3    Str:  9    XL:     6   Next: 23%
Magic:  10/14      EV: 12    Int: 17    God:
Gold:   183        SH:  0    Dex: 14    Spells: 7/14 levels left

rFire    . . .     SeeInvis .   u - +3 whip (venom)
rCold    . . .     Gourm    .   (no shield)
rNeg     . . .     Faith    .   a - +1 robe
rPois    .         Spirit   .   (helmet restricted)
rElec    .         Reflect  .   (no cloak)
rCorr    .         Harm     .   (no gloves)
MR       .....                  (boots unavailable)
Stlth    +++.......             (no amulet)
Regen    0.1/turn               i - ring of stealth
MPRegen  0.2/turn               (no ring)

@: very slightly contaminated
A: beak, talons 3, able to fly 1
a: Fly


You were on level 4 of the Dungeon.
You were hungry.

You visited 1 branch of the dungeon, and saw 4 of its levels.

You collected 183 gold pieces.

Inventory:

Hand Weapons
 h - a +0 dagger
 u - a +3 whip of venom (weapon)
Armour
 a - a +1 robe (worn)
Jewellery
 i - a ring of stealth (left hand)
Scrolls
 e - a scroll of amnesia {unknown}
 f - 2 scrolls of remove curse
 j - 2 scrolls of identify
 m - 2 scrolls of teleportation
Potions
 d - a potion of curing {unknown}
 g - 2 potions of heal wounds
 k - a potion of resistance {unknown}
 l - a potion of might {unknown}
 q - a potion of brilliance {unknown}
 v - a potion of haste {unknown}
 w - a potion of cancellation {unknown}
Books
 b - a book of Conjurations

   Spells                             Type                      Level
   a - Magic Dart                     Conjuration                  1
   b - Searing Ray                    Conjuration                  2
   c - Dazzling Spray                 Conjuration/Hexes            3
   d - Fulminant Prism                Conjuration/Hexes            4
   e - Force Lance                    Conjuration/Translocation    4
   f - Iskenderun's Mystic Blast      Conjuration                  4
Comestibles
 c - a bread ration
 o - 3 meat rations
 r - 2 royal jellies


   Skills:
 - Level 2.1 Dodging
 - Level 2.0 Stealth
 * Level 4.8 Spellcasting
 + Level 7.1 Conjurations


You had 7 spell levels left.
You knew the following spells:

 Your Spells              Type           Power        Failure   Level  Hunger
a - Magic Dart            Conj           ####         1%          1    None
b - Searing Ray           Conj           ####..       1%          2    #......
c - Iskenderun's Mystic   Conj           ####....     8%          4    ####...


Dungeon Overview and Level Annotations

Branches:
Dungeon (4/15)
 Temple: D:4-7

Altars:
Kikubaaqudgha
Ru

Annotations:
D:4 acidapple's ghost, amateur TeCj


Innate Abilities, Weirdness & Mutations

You have a beak for a mouth.
You have claws for feet.
You can fly.


Message History

The worker ant is severely wounded.
The worker ant bites you! The worker ant bites you.
You barely miss the worker ant.
You claw the worker ant, but do no damage.
The worker ant is severely wounded.
The worker ant bites you.
Casting: Magic Dart
Confirm with . or Enter, or press ? or * to list all spells.
Aiming: Searing Ray
Press: ? - help, Shift-Dir - straight line, f/p - worker ant
Aim: a worker ant (severely wounded)
The searing ray hits the worker ant.
The worker ant is almost dead. (Press . to maintain the ray.)
The worker ant bites you.
* * * LOW HITPOINT WARNING * * *
The searing ray hits the worker ant.
The worker ant is almost dead.
The worker ant bites you!
You die...

##.###.###...##
#.....####.##
###.###....####.#
#.............#
#####....###
####.# ####.#
#....# #@#### #a#
#.# #.# #.# #.#
#.# #..


You could see a worker ant.

Vanquished Creatures
  Natasha (thrice) (D:3)
  An orc wizard (D:3)
  6 gnolls
  3 adders
  4 worms
  2 dart slugs
  2 leopard geckos (D:3)
  4 orcs (D:3)
  A ball python (D:3)
  4 bat zombies (D:3)
  4 giant cockroaches
  7 goblins
  3 hobgoblins
  4 jackals
  A quokka (D:2)
  7 bats
  4 frilled lizards
  10 kobolds
  5 rats
75 creatures vanquished.

Notes
Turn   | Place    | Note
-------+----------+-------------------------------------------
     0 | D:1      | acidapple the Tengu Conjurer began the quest for the Orb.
     0 | D:1      | Reached XP level 1. HP: 10/10 MP: 4/4
   311 | D:1      | Reached XP level 2. HP: 15/15 MP: 3/6
   984 | D:2      | Reached XP level 3. HP: 19/19 MP: 4/8
  1206 | D:2      | Reached skill level 6 in Conjurations
  1286 | D:2      | Reached XP level 4. HP: 24/24 MP: 0/9
  1761 | D:3      | Found a sacrificial altar of Ru.
  1912 | D:3      | Learned a level 2 spell: Searing Ray
  1917 | D:3      | Learned a level 4 spell: Iskenderun's Mystic Blast
  2036 | D:3      | Noticed Natasha
  2041 | D:3      | Killed Natasha
  2041 | D:3      | Gained mutation: You can fly. [Tengu growth]
  2041 | D:3      | Reached XP level 5. HP: 28/28 MP: 5/11
  2393 | D:3      | Noticed Natasha
  2439 | D:3      | Killed Natasha
  2492 | D:3      | Noticed Natasha
  2495 | D:3      | Killed Natasha
  2495 | D:3      | Reached skill level 7 in Conjurations
  2495 | D:3      | Reached XP level 6. HP: 31/32 MP: 9/14
  2830 | D:3      | Found an ancient bone altar of Kikubaaqudgha.
  2856 | D:4      | Noticed acidapple's ghost (amateur TeCj)
  2894 | D:4      | Slain by a worker ant

Skill      XL: |  1  2  3  4  5 |
---------------+----------------+-----
Spellcasting   | 3 4 |  4.8
Conjurations   | 6 7 |  7.1
Dodging        | |  2.1
Stealth        | |  2.0

Action                   |  1- 3 |  4- 6 || total
-------------------------+-------+-------++-------
Melee: Dagger            |    13 |     4 ||    17
       Kick              |     1 |     8 ||     9
       Whip              |       |    19 ||    19
       Peck              |       |     3 ||     3
 Cast: Magic Dart        |    67 |    83 ||   150
       Searing Ray       |       |     5 ||     5
  Use: Scroll            |       |    10 ||    10
  Eat: Chunk             |     2 |     4 ||     6
Armor: Robe              |    11 |     5 ||    16
Dodge: Dodged            |    22 |    28 ||    50
